Ice Dragons vs Monarchs
(R1)
Created - May 20, 2020 at 19:00
Goals
|
| Ice Dragons |
1 |
0 |
3 |
4 |
| Monarchs |
1 |
5 |
1 |
7 |
|
Shots
|
| Ice Dragons |
11 |
10 |
13 |
34 |
| Monarchs |
9 |
15 |
9 |
33 |
|
1st period
1. Monarchs , Brendan Lemieux 1 (Max Reinhart 3) at 11:03
2. Ice Dragons , Phil Di Giuseppe 2 (Adam Clendening 2, Brayden McNabb 1) at 19:44
Penalties :
Tony DeAngelo (MAN) for Interference (Minor) at 4:00, Craig Smith (MAN) for Interference (Minor) at 17:06
2nd period
3. Monarchs , Max Reinhart 2 (Craig Smith 1, Aaron Ekblad 4) at 3:13 (PP)
4. Monarchs , Anthony Mantha 2 (Aaron Ekblad 5, Nathan MacKinnon 6) at 4:13 (PP)
5. Monarchs , Max Friberg 2 (Max Reinhart 4) at 11:01
6. Monarchs , Aaron Ekblad 1 (Sam Reinhart 1) at 15:58 (PP)
7. Monarchs , Max Reinhart 3 (Max Friberg 2, Mark Pysyk 2) at 18:27
Penalties :
Mark Pysyk (MAN) for Holding (Minor) at 0:12, William Carrier (Kin) for Tripping (Minor) at 2:39, Brayden McNabb (Kin) for Interference (Minor) at 4:07, Mark Pysyk (MAN) for Goalie Interference (Minor) at 4:32, Justin Shugg (Kin) for Interference (Minor) at 12:58, Corban Knight (Kin) for Hooking (Minor) at 15:04
3rd period
8. Ice Dragons , Jordan LaVallee 3 (Brian Boyle 1) at 0:04
9. Ice Dragons , Phil Di Giuseppe 3 (Adam Clendening 3) at 1:51
10. Ice Dragons , Phil Di Giuseppe 4 (Billy Sweat 2) at 14:49
11. Monarchs , Tim Schaller 1 (Griffin Reinhart 2, Sam Reinhart 2) at 16:15
Penalties :
Brendan Lemieux (MAN) for Tripping (Minor) at 9:56, Aaron Ekblad (MAN) for Interference (Minor) at 12:43, Craig Smith (MAN) for Hooking (Minor) at 16:24
Goalie Stats
Oscar Dansk (Kin), 15 saves from 18 shots - (0.833), L, 0-1-0, 28:59 minutes
Harru Sateri (Kin), 11 saves from 15 shots - (0.733), 31:01 minutes
Eric Comrie (MAN), 30 saves from 34 shots - (0.882), W, 1-0-0, 60:00 minutes
Players Stats for Ice Dragons
Player Name G A P +/- PIM S H SB GA TA FO MP PP MP PK MP
------------------------------------------------------------------------------------
Adam Clendening 0 2 2 3 0 3 0 1 0 0 0/0 10:27 0:00 0:06
Alex Plante 0 0 0 3 0 1 0 0 0 1 0/0 10:21 0:00 0:00
Billy Sweat 0 1 1 -2 0 1 2 0 0 0 1/1 17:34 6:22 0:00
Brandon Kozun 0 0 0 1 0 1 3 0 0 1 1/2 21:17 7:27 0:00
Brayden McNabb 0 1 1 -2 2 6 2 3 1 2 0/0 28:06 8:24 2:14
Brian Boyle 0 1 1 1 0 2 1 1 1 0 18/37 22:47 7:07 1:55
Chris Wagner 0 0 0 3 0 1 0 1 0 0 0/0 6:58 0:00 0:00
Corban Knight 0 0 0 -2 2 2 2 0 0 0 7/10 19:17 6:22 1:37
Emil Pettersson 0 0 0 3 0 1 0 0 0 0 2/5 6:58 0:00 0:00
Jordan LaVallee 1 0 1 1 0 3 2 0 0 0 0/1 22:37 7:27 1:20
Justin Shugg 0 0 0 -2 2 0 3 2 0 0 0/0 17:40 6:22 0:00
Kevin Connauton 0 0 0 -1 0 1 0 0 0 1 0/0 21:26 5:29 1:13
Logan MacMillan 0 0 0 -2 0 3 1 0 1 0 0/0 11:19 0:28 0:19
Phil Di Giuseppe 3 0 3 3 0 5 0 0 0 1 0/1 8:15 0:00 1:10
Robin Norell 0 0 0 0 0 0 0 0 0 0 0/0 2:05 0:00 0:00
Sam Carrick 0 0 0 -2 0 0 0 0 0 0 7/10 11:02 0:04 0:31
Samuel Groulx 0 0 0 -1 0 0 1 0 0 0 0/0 21:26 5:29 1:13
William Carrier 0 0 0 -2 2 2 0 2 0 0 0/1 10:40 0:00 0:14
Zach Trotman 0 0 0 -2 0 2 0 1 0 0 0/0 26:08 8:24 2:20
Players Stats for Monarchs
Player Name G A P +/- PIM S H SB GA TA FO MP PP MP PK MP
------------------------------------------------------------------------------------
Aaron Ekblad 1 2 3 0 2 2 2 0 0 0 0/0 20:49 1:54 4:34
Anthony Mantha 1 0 1 0 0 3 1 1 1 1 0/0 13:13 2:01 0:00
Brendan Lemieux 1 0 1 2 2 2 3 0 0 0 0/0 14:31 1:32 0:00
Chris Campoli 0 0 0 -1 0 0 1 1 0 0 0/0 20:49 0:00 8:30
Craig Smith 0 1 1 -2 4 3 1 0 0 1 1/1 20:28 1:19 4:55
Curtis Lazar 0 0 0 -1 0 1 1 0 0 0 0/2 6:48 0:00 1:58
Griffin Reinhart 0 1 1 -1 0 0 0 1 0 0 0/0 15:12 1:54 3:00
Jacob De La Rose 0 0 0 0 0 1 2 0 0 0 0/1 10:23 0:00 5:42
Jeff Petry 0 0 0 -2 0 0 1 1 1 0 0/0 16:43 0:00 5:23
JT Compher 0 0 0 -1 0 2 1 0 0 0 0/1 15:38 1:53 0:23
Mark Pysyk 0 1 1 1 4 2 0 1 1 1 0/0 19:57 0:00 5:50
Max Friberg 1 1 2 2 0 4 0 1 1 0 2/2 16:06 0:13 3:27
Max Reinhart 2 2 4 2 0 5 0 1 1 0 6/17 21:42 1:39 6:54
Mike Reilly 0 0 0 2 0 1 1 1 0 0 0/0 5:39 0:00 0:00
Morgan Rielly 0 0 0 -1 0 0 0 0 0 0 0/0 13:12 1:39 0:00
Nathan MacKinnon 0 1 1 -1 0 0 1 0 1 0 13/25 15:02 1:48 0:06
Oliver Bjorkstrand 0 0 0 0 0 1 0 0 0 0 0/0 4:29 0:00 0:00
Sam Reinhart 0 2 2 0 0 1 1 1 0 0 10/19 12:48 1:32 0:00
Tim Schaller 1 0 1 0 0 5 1 0 0 0 0/0 16:05 0:21 4:21
Tony DeAngelo 0 0 0 1 2 0 0 1 0 0 0/0 6:26 0:00 0:29
3 Stars
1 - Max Reinhart (MAN)
2 - Phil Di Giuseppe (Kin)
3 - Max Friberg (MAN)
Power Play
Ice Dragons - 0 on 7 Attempt(s) - 0.00%
Monarchs - 3 on 4 Attempt(s) - 75.00%
Penalty Kill
Ice Dragons - 1 on 4 Attempt(s) - 25.00%
- Score 0 goal in Penalty Kill
Monarchs - 7 on 7 Attempt(s) - 100.00%
- Score 0 goal in Penalty Kill
Team Stat
Ice Dragons - Hits : 17 - Faceoff Wins : 36 - Blocked Shots : 11 - Penalty Minutes : 8
Monarchs - Hits : 17 - Faceoff Wins : 32 - Blocked Shots : 10 - Penalty Minutes : 14
Official
Referees : Unknown
Linesman : Unknown
Game Notes
Oscar Dansk enters game at 11:01 of 2nd period
Phil Di Giuseppe has scored a Hat Trick!
Finance
Level 1 -- Attendance: 2000 (100.00%) -- Ticket Income $50,000
Level 2 -- Attendance: 1000 (100.00%) -- Ticket Income $10,000
Total Attendance: 3000 (100.00%)
Total Ticket Income: $60,000
Other Income: $3,000
Total Income: $63,000
Ice Dragons
5 vs 5 Forward
Center Left Wing Right Wing Time % Phy DF OF
1 Brian Boyle Jordan LaVallee Brandon Kozun 40 2 2 1
2 Corban Knight Billy Sweat Justin Shugg 30 2 2 1
3 Sam Carrick Logan MacMillan William Carrier 20 2 2 1
4 Emil Pettersson Phil Di Giuseppe Chris Wagner 10 1 4 0
5 vs 5 Defense
Defense Defense Time % Phy DF OF
1 Brayden McNabb Zach Trotman 40 2 2 1
2 Kevin Connauton Samuel Groulx 30 2 2 1
3 Alex Plante Adam Clendening 20 2 2 1
4 Brayden McNabb Robin Norell 10 2 3 0
PowerPlay Forward
Center Left Wing Right Wing Time % Phy DF OF
1 Brian Boyle Jordan LaVallee Brandon Kozun 60 1 1 3
2 Corban Knight Billy Sweat Justin Shugg 40 1 1 3
PowerPlay Defense
Defense Defense Time % Phy DF OF
1 Brayden McNabb Zach Trotman 60 0 2 3
2 Kevin Connauton Samuel Groulx 40 0 2 3
Penalty Kill 4 Players Forward
Center Wing Time % Phy DF OF
1 Brian Boyle Corban Knight 60 1 4 0
2 Logan MacMillan Jordan LaVallee 40 1 4 0
Penalty Kill 4 Players Defense
Defense Defense Time % Phy DF OF
1 Brayden McNabb Zach Trotman 60 1 4 0
2 Kevin Connauton Samuel Groulx 40 1 4 0
Penalty Kill - 3 Players Forward
Forward Time % Phy DF OF
1 Jordan LaVallee 60 1 4 0
2 Corban Knight 40 1 4 0
Penalty Kill - 3 Players Defense
Defense Defense Time % Phy DF OF
1 Brayden McNabb Zach Trotman 60 1 4 0
2 Kevin Connauton Samuel Groulx 40 1 4 0
4 vs 4 Forward
Center Wing Time % Phy DF OF
1 Brian Boyle Jordan LaVallee 60 2 2 1
2 Corban Knight Billy Sweat 40 2 2 1
4 vs 4 Defense
Defense Defense Time % Phy DF OF
1 Brayden McNabb Zach Trotman 60 2 2 1
2 Kevin Connauton Samuel Groulx 40 2 2 1
Last Minutes Offensive
Center Left Wing Right Wing Defense Defense
Brian Boyle Jordan LaVallee Brandon Kozun Brayden McNabb Zach Trotman
Last Minutes Defensive
Center Left Wing Right Wing Defense Defense
Brian Boyle Jordan LaVallee Brandon Kozun Brayden McNabb Zach Trotman
Goaltenders
Starting : Harru Sateri
Backup : Oscar Dansk
Extra Forwards
Normal : Logan MacMillan, Sam Carrick, Phil Di Giuseppe - PP : Logan MacMillan, Sam Carrick - PK : Phil Di Giuseppe
Extra Defensemen
Normal : Alex Plante, Adam Clendening, Kevin Connauton - PP : Alex Plante - PK : Adam Clendening, Kevin Connauton
Penalty Shots
Jordan LaVallee, Corban Knight, Kevin Connauton, Billy Sweat, Brandon Kozun
Scratches
Thomas Gobeil (Healthy), Theodor Blueger (Healthy), Alex Henriksson (Healthy), Cole Ully (Healthy), Jerome Gauthier-Leduc (Healthy)
Juho Lammikko (Healthy)
Monarchs
5 vs 5 Forward
Center Left Wing Right Wing Time % Phy DF OF
1 Nathan MacKinnon JT Compher Craig Smith 35 1 2 2
2 Max Reinhart Brendan Lemieux Max Friberg 30 1 2 2
3 Sam Reinhart Tim Schaller Anthony Mantha 30 1 2 2
4 Curtis Lazar Jacob De La Rose Oliver Bjorkstrand 5 1 2 2
5 vs 5 Defense
Defense Defense Time % Phy DF OF
1 Aaron Ekblad Mark Pysyk 30 1 2 2
2 Morgan Rielly Chris Campoli 30 1 2 2
3 Jeff Petry Griffin Reinhart 25 1 2 2
4 Mike Reilly Tony DeAngelo 15 1 2 2
PowerPlay Forward
Center Left Wing Right Wing Time % Phy DF OF
1 Nathan MacKinnon JT Compher Anthony Mantha 60 1 2 2
2 Sam Reinhart Brendan Lemieux Craig Smith 40 1 2 2
PowerPlay Defense
Defense Defense Time % Phy DF OF
1 Aaron Ekblad Griffin Reinhart 60 1 2 2
2 Morgan Rielly Max Reinhart 40 1 2 2
Penalty Kill 4 Players Forward
Center Wing Time % Phy DF OF
1 Max Reinhart Craig Smith 60 0 4 1
2 Max Friberg Jacob De La Rose 40 0 4 1
Penalty Kill 4 Players Defense
Defense Defense Time % Phy DF OF
1 Chris Campoli Mark Pysyk 60 1 4 0
2 Jeff Petry Aaron Ekblad 40 1 4 0
Penalty Kill - 3 Players Forward
Forward Time % Phy DF OF
1 Max Reinhart 60 1 3 1
2 Max Friberg 40 1 3 1
Penalty Kill - 3 Players Defense
Defense Defense Time % Phy DF OF
1 Chris Campoli Mark Pysyk 60 1 4 0
2 Jeff Petry Aaron Ekblad 40 1 4 0
4 vs 4 Forward
Center Wing Time % Phy DF OF
1 Nathan MacKinnon Anthony Mantha 60 1 2 2
2 Max Reinhart Sam Reinhart 40 1 2 2
4 vs 4 Defense
Defense Defense Time % Phy DF OF
1 Aaron Ekblad Mark Pysyk 60 1 2 2
2 Chris Campoli Morgan Rielly 40 1 2 2
Last Minutes Offensive
Center Left Wing Right Wing Defense Defense
Nathan MacKinnon Tim Schaller Craig Smith Aaron Ekblad Mark Pysyk
Last Minutes Defensive
Center Left Wing Right Wing Defense Defense
Max Reinhart Jacob De La Rose Craig Smith Mark Pysyk Chris Campoli
Goaltenders
Starting : Eric Comrie
Backup : Kaapo Kahkonen
Extra Forwards
Normal : Max Reinhart, Nathan MacKinnon, Sam Reinhart - PP : Tim Schaller, Max Friberg - PK : Tim Schaller
Extra Defensemen
Normal : Griffin Reinhart, Aaron Ekblad, Morgan Rielly - PP : Tony DeAngelo - PK : Griffin Reinhart, Tony DeAngelo
Penalty Shots
Oliver Bjorkstrand, Max Reinhart, JT Compher, Tim Schaller, Max Friberg
Scratches
Artturi Lehkonen (Healthy), Michael McCarron (Healthy), Anthony Peluso (Healthy), Jeremy Welsh (Healthy), Gustav Forsling (Healthy)
Chase De Leo (Healthy), Jason Missiaen (Healthy)
% Time on Ice - Ice Dragons
Lines # - Real PCT - Wanted PCT - Time Play
Normal Forward
1 - 33% - 40% - 13:57
2 - 26% - 30% - 11:12
3 - 25% - 20% - 10:27
4 - 16% - 10% - 6:58
Normal Defense
1 - 36% - 40% - 15:24
2 - 35% - 30% - 14:44
3 - 24% - 20% - 10:21
4 - 5% - 10% - 2:05
PP Forward
1 - 54% - 60% - 7:31
2 - 46% - 40% - 6:22
PP Defense
1 - 61% - 60% - 8:24
2 - 39% - 40% - 5:29
PK Forward
1 - 91% - 60% - 3:14
2 - 9% - 40% - 0:19
PK Defense
1 - 66% - 60% - 2:20
2 - 34% - 40% - 1:13
PK3 Forward
1 - 0% - 60%
2 - 0% - 40%
PK3 Defense
1 - 0% - 60%
2 - 0% - 40%
44 Forward
1 - 0% - 60%
2 - 0% - 40%
44 Defense
1 - 0% - 60%
2 - 0% - 40%
Last Minute Offensive - 0:00
Last Minute Defensive - 0:00
Total
Forward - 60:00
Defense - 60:00
|
% Time on Ice - Monarchs
Lines # - Real PCT - Wanted PCT - Time Play
Normal Forward
1 - 34% - 35% - 14:23
2 - 29% - 30% - 12:30
3 - 26% - 30% - 11:12
4 - 11% - 5% - 4:29
Normal Defense
1 - 33% - 30% - 14:02
2 - 30% - 30% - 12:39
3 - 24% - 25% - 10:14
4 - 13% - 15% - 5:39
PP Forward
1 - 57% - 60% - 2:01
2 - 43% - 40% - 1:32
PP Defense
1 - 54% - 60% - 1:54
2 - 46% - 40% - 1:39
PK Forward
1 - 75% - 60% - 10:26
2 - 25% - 40% - 3:27
PK Defense
1 - 61% - 60% - 8:30
2 - 39% - 40% - 5:23
PK3 Forward
1 - 0% - 60%
2 - 0% - 40%
PK3 Defense
1 - 0% - 60%
2 - 0% - 40%
44 Forward
1 - 0% - 60%
2 - 0% - 40%
44 Defense
1 - 0% - 60%
2 - 0% - 40%
Last Minute Offensive - 0:00
Last Minute Defensive - 0:00
Total
Forward - 60:00
Defense - 60:00
|
Play-by-Play
1st period
0:01 of 1st period - Brian Boyle wins face-off versus Nathan MacKinnon in neutral zone.
0:39 of 1st period - Off-side.
0:40 of 1st period - Sam Carrick wins face-off versus Sam Reinhart in neutral zone.
0:47 of 1st period - Snap shot by Anthony Mantha.
0:47 of 1st period - Shot Misses the Net.
1:05 of 1st period - Samuel Groulx is hit by Jacob De La Rose and loses puck.
1:24 of 1st period - Wrist shot by Jordan LaVallee.
1:24 of 1st period - Shot Misses the Net.
1:26 of 1st period - Snap shot by Brandon Kozun.
1:26 of 1st period - Shot Blocked by Max Reinhart.
1:28 of 1st period - Wrist shot by Brian Boyle.
1:28 of 1st period - Stopped by Eric Comrie with a rebound.
1:52 of 1st period - Slapshot by Corban Knight.
1:52 of 1st period - Shot Misses the Net.
1:57 of 1st period - Off-side.
1:58 of 1st period - Sam Reinhart wins face-off versus Sam Carrick in neutral zone.
2:25 of 1st period - Brayden McNabb is hit by Mike Reilly and loses puck.
2:42 of 1st period - Slapshot by Max Friberg.
2:42 of 1st period - Stopped by Harru Sateri with a rebound.
2:52 of 1st period - Snap shot by Corban Knight.
2:52 of 1st period - Deflect By Billy Sweat.
2:52 of 1st period - Shot Blocked by Chris Campoli.
2:52 of 1st period - Puck is out of play.
2:53 of 1st period - Brian Boyle wins face-off versus Sam Reinhart in Monarchs zone.
3:26 of 1st period - Wrist shot by Corban Knight.
3:26 of 1st period - Stopped by Eric Comrie without a rebound.
3:27 of 1st period - Emil Pettersson wins face-off versus Max Reinhart in Monarchs zone.
3:30 of 1st period - Snap shot by Phil Di Giuseppe.
3:30 of 1st period - Stopped by Eric Comrie without a rebound.
3:31 of 1st period - Max Reinhart wins face-off versus Emil Pettersson in Monarchs zone.
3:38 of 1st period - Slapshot by Brayden McNabb.
3:38 of 1st period - Deflect By Chris Wagner.
3:38 of 1st period - Shot Misses the Net.
3:38 of 1st period - Puck is out of play.
3:39 of 1st period - Brandon Kozun wins face-off versus Nathan MacKinnon in Monarchs zone.
3:46 of 1st period - Wrist shot by Jordan LaVallee.
3:46 of 1st period - Stopped by Eric Comrie with a rebound.
3:48 of 1st period - Slapshot by Jordan LaVallee.
3:48 of 1st period - Shot Misses the Net.
3:52 of 1st period - Slapshot by Jordan LaVallee.
3:52 of 1st period - Deflect By Brandon Kozun.
3:52 of 1st period - Stopped by Eric Comrie with a rebound.
3:54 of 1st period - Slapshot by Zach Trotman.
3:54 of 1st period - Shot Blocked by Tony DeAngelo.
4:00 of 1st period - Minor Penalty to Tony DeAngelo for Interference.
4:01 of 1st period - Brian Boyle wins face-off versus Max Reinhart in Monarchs zone.
6:00 of 1st period - Penalty to Tony DeAngelo is over, Tony DeAngelo is back on ice.
6:10 of 1st period - Tim Schaller is hit by Brayden McNabb and loses puck.
6:27 of 1st period - Alex Plante is hit by Jacob De La Rose and loses puck.
6:34 of 1st period - Snap shot by Mike Reilly.
6:34 of 1st period - Stopped by Harru Sateri without a rebound.
6:35 of 1st period - Nathan MacKinnon wins face-off versus Emil Pettersson in Ice Dragons zone.
6:36 of 1st period - Wrist shot by Craig Smith.
6:36 of 1st period - Stopped by Harru Sateri with a rebound.
6:48 of 1st period - Snap shot by Phil Di Giuseppe.
6:48 of 1st period - Stopped by Eric Comrie with a rebound.
7:02 of 1st period - Sam Carrick is hit by Brendan Lemieux and loses puck.
7:26 of 1st period - Off-side.
7:27 of 1st period - Corban Knight wins face-off versus Max Reinhart in neutral zone.
7:40 of 1st period - Wrist shot by Brendan Lemieux.
7:40 of 1st period - Deflect By Max Reinhart.
7:40 of 1st period - Stopped by Harru Sateri with a rebound.
7:42 of 1st period - Slapshot by Max Reinhart.
7:42 of 1st period - Deflect By Brendan Lemieux.
7:42 of 1st period - Stopped by Harru Sateri without a rebound.
7:43 of 1st period - Brian Boyle wins face-off versus Nathan MacKinnon in Ice Dragons zone.
8:36 of 1st period - Wrist shot by Logan MacMillan.
8:36 of 1st period - Stopped by Eric Comrie without a rebound.
8:37 of 1st period - Brian Boyle wins face-off versus Nathan MacKinnon in Monarchs zone.
8:42 of 1st period - Snap shot by Jordan LaVallee.
8:42 of 1st period - Shot Misses the Net.
9:53 of 1st period - Morgan Rielly is hit by Brandon Kozun and loses puck.
10:16 of 1st period - Wrist shot by JT Compher.
10:16 of 1st period - Stopped by Harru Sateri with a rebound.
10:18 of 1st period - Snap shot by JT Compher.
10:18 of 1st period - Shot Misses the Net.
10:34 of 1st period - Sam Reinhart is hit by Logan MacMillan and loses puck.
10:57 of 1st period - Wrist shot by Max Friberg.
10:57 of 1st period - Shot Misses the Net.
11:03 of 1st period - Slapshot by Brendan Lemieux.
11:03 of 1st period - Goal by Brendan Lemieux - Ice Dragons : 0 - Monarchs : 1.
11:04 of 1st period - Brian Boyle wins face-off versus Nathan MacKinnon in neutral zone.
11:38 of 1st period - Off-side.
11:39 of 1st period - Sam Reinhart wins face-off versus Corban Knight in neutral zone.
12:04 of 1st period - Nathan MacKinnon is hit by Brandon Kozun and loses puck.
12:29 of 1st period - Snap shot by Max Friberg.
12:29 of 1st period - Shot Blocked by Brayden McNabb.
12:31 of 1st period - Slapshot by Jeff Petry.
12:31 of 1st period - Shot Blocked by Brayden McNabb.
12:49 of 1st period - Brayden McNabb is hit by Curtis Lazar and loses puck.
13:16 of 1st period - Tim Schaller is hit by Samuel Groulx and loses puck.
14:28 of 1st period - Slapshot by Nathan MacKinnon.
14:28 of 1st period - Shot Misses the Net.
14:30 of 1st period - Snap shot by Craig Smith.
14:30 of 1st period - Shot Misses the Net.
14:32 of 1st period - Backhand shot by Nathan MacKinnon.
14:32 of 1st period - Shot Blocked by Justin Shugg.
15:13 of 1st period - Slapshot by Kevin Connauton.
15:13 of 1st period - Deflect By Sam Carrick.
15:13 of 1st period - Shot Blocked by Max Friberg.
15:13 of 1st period - Puck is out of play.
15:14 of 1st period - Sam Carrick wins face-off versus Max Reinhart in Monarchs zone.
15:27 of 1st period - Wrist shot by Max Reinhart.
15:27 of 1st period - Stopped by Harru Sateri with a rebound.
15:29 of 1st period - Wrist shot by Mark Pysyk.
15:29 of 1st period - Deflect By Max Reinhart.
15:29 of 1st period - Shot Blocked by William Carrier.
15:29 of 1st period - Puck is out of play.
15:30 of 1st period - Nathan MacKinnon wins face-off versus Brian Boyle in Ice Dragons zone.
15:57 of 1st period - Mark Pysyk is hit by Justin Shugg and loses puck.
16:16 of 1st period - Slapshot by Tim Schaller.
16:16 of 1st period - Deflect By Anthony Mantha.
16:16 of 1st period - Stopped by Harru Sateri with a rebound.
16:18 of 1st period - Slapshot by Jeff Petry.
16:18 of 1st period - Shot Blocked by William Carrier.
16:24 of 1st period - Slapshot by Kevin Connauton.
16:24 of 1st period - Stopped by Eric Comrie with a rebound.
16:33 of 1st period - Icing by Samuel Groulx.
16:34 of 1st period - Sam Carrick wins face-off versus Curtis Lazar in Ice Dragons zone.
17:06 of 1st period - Minor Penalty to Craig Smith for Interference.
17:07 of 1st period - Brian Boyle wins face-off versus Max Reinhart in Monarchs zone.
17:21 of 1st period - Wrist shot by Brandon Kozun.
17:21 of 1st period - Shot Misses the Net.
17:27 of 1st period - Zach Trotman is hit by Tim Schaller and loses puck.
17:44 of 1st period - Wrist shot by Corban Knight.
17:44 of 1st period - Deflect By Justin Shugg.
17:44 of 1st period - Shot Hit the Post.
17:44 of 1st period - Puck is out of play.
17:45 of 1st period - Corban Knight wins face-off versus Curtis Lazar in Monarchs zone.
18:14 of 1st period - Jeff Petry is hit by Brandon Kozun and loses puck.
19:06 of 1st period - Penalty to Craig Smith is over, Craig Smith is back on ice.
19:38 of 1st period - Slapshot by Brayden McNabb.
19:38 of 1st period - Stopped by Eric Comrie with a rebound.
19:42 of 1st period - Slapshot by Adam Clendening.
19:42 of 1st period - Stopped by Eric Comrie with a rebound.
19:44 of 1st period - Slapshot by Phil Di Giuseppe.
19:44 of 1st period - Deflect By Max Friberg.
19:44 of 1st period - Goal by Phil Di Giuseppe - Ice Dragons : 1 - Monarchs : 1.
19:45 of 1st period - Nathan MacKinnon wins face-off versus Brian Boyle in neutral zone.
Goals for this period are 1 for Ice Dragons vs 1 for Monarchs .
Shots for this period are 11 for Ice Dragons vs 9 for Monarchs .
2nd period
0:01 of 2nd period - Brian Boyle wins face-off versus Max Reinhart in neutral zone.
0:06 of 2nd period - Brayden McNabb is hit by Aaron Ekblad and loses puck.
0:12 of 2nd period - Minor Penalty to Mark Pysyk for Holding.
0:13 of 2nd period - Brian Boyle wins face-off versus Max Reinhart in Monarchs zone.
0:43 of 2nd period - Griffin Reinhart is hit by Justin Shugg and loses puck.
2:12 of 2nd period - Penalty to Mark Pysyk is over, Mark Pysyk is back on ice.
2:22 of 2nd period - Snap shot by Mark Pysyk.
2:22 of 2nd period - Stopped by Harru Sateri without a rebound.
2:23 of 2nd period - Sam Reinhart wins face-off versus Sam Carrick in Ice Dragons zone.
2:26 of 2nd period - Slapshot by Tim Schaller.
2:26 of 2nd period - Shot Misses the Net.
2:28 of 2nd period - Wrist shot by Tim Schaller.
2:28 of 2nd period - Stopped by Harru Sateri without a rebound.
2:29 of 2nd period - Sam Reinhart wins face-off versus William Carrier in Ice Dragons zone.
2:32 of 2nd period - Backhand shot by Sam Reinhart.
2:32 of 2nd period - Shot Misses the Net.
2:39 of 2nd period - Minor Penalty to William Carrier for Tripping.
2:40 of 2nd period - Brian Boyle wins face-off versus Nathan MacKinnon in Ice Dragons zone.
3:06 of 2nd period - Brayden McNabb is hit by Brendan Lemieux and loses puck.
3:13 of 2nd period - Slapshot by Max Reinhart.
3:13 of 2nd period - Goal by Max Reinhart - Ice Dragons : 1 - Monarchs : 2.
3:14 of 2nd period - Nathan MacKinnon wins face-off versus Brian Boyle in neutral zone.
4:02 of 2nd period - Snap shot by Sam Reinhart.
4:02 of 2nd period - Shot Misses the Net.
4:04 of 2nd period - Snap shot by Anthony Mantha.
4:04 of 2nd period - Deflect By Tim Schaller.
4:04 of 2nd period - Shot Misses the Net.
4:04 of 2nd period - Puck is out of play.
4:05 of 2nd period - Sam Carrick wins face-off versus Nathan MacKinnon in Ice Dragons zone.
4:07 of 2nd period - Minor Penalty to Brayden McNabb for Interference.
4:08 of 2nd period - Nathan MacKinnon wins face-off versus Brian Boyle in Ice Dragons zone.
4:09 of 2nd period - Snap shot by JT Compher.
4:09 of 2nd period - Deflect By Nathan MacKinnon.
4:09 of 2nd period - Shot Misses the Net.
4:09 of 2nd period - Puck is out of play.
4:10 of 2nd period - Nathan MacKinnon wins face-off versus Brian Boyle in Ice Dragons zone.
4:11 of 2nd period - Wrist shot by Anthony Mantha.
4:11 of 2nd period - Shot Misses the Net.
4:13 of 2nd period - Slapshot by Aaron Ekblad.
4:13 of 2nd period - Deflect By Anthony Mantha.
4:13 of 2nd period - Goal by Anthony Mantha - Ice Dragons : 1 - Monarchs : 3.
4:14 of 2nd period - Nathan MacKinnon wins face-off versus Brian Boyle in neutral zone.
4:19 of 2nd period - Wrist shot by Nathan MacKinnon.
4:19 of 2nd period - Shot Blocked by Zach Trotman.
4:21 of 2nd period - Slapshot by Mark Pysyk.
4:21 of 2nd period - Shot Blocked by Brian Boyle.
4:32 of 2nd period - Minor Penalty to Mark Pysyk for Goalie Interference.
4:33 of 2nd period - Brian Boyle wins face-off versus Max Reinhart in Monarchs zone.
4:59 of 2nd period - Brayden McNabb is hit by Chris Campoli and loses puck.
5:31 of 2nd period - Icing by Samuel Groulx.
5:32 of 2nd period - Max Reinhart wins face-off versus Brian Boyle in Ice Dragons zone.
5:52 of 2nd period - Off-side.
5:53 of 2nd period - Max Friberg wins face-off versus Corban Knight in neutral zone.
5:56 of 2nd period - Wrist shot by Chris Campoli.
5:56 of 2nd period - Shot Misses the Net.
6:23 of 2nd period - Griffin Reinhart is hit by Brian Boyle and loses puck.
6:32 of 2nd period - Penalty to Mark Pysyk is over, Mark Pysyk is back on ice.
6:38 of 2nd period - Slapshot by Zach Trotman.
6:38 of 2nd period - Stopped by Eric Comrie with a rebound.
6:40 of 2nd period - Slapshot by William Carrier.
6:40 of 2nd period - Stopped by Eric Comrie with a rebound.
6:42 of 2nd period - Slapshot by Brayden McNabb.
6:42 of 2nd period - Stopped by Eric Comrie without a rebound.
6:43 of 2nd period - Corban Knight wins face-off versus Sam Reinhart in Monarchs zone.
6:58 of 2nd period - Off-side.
6:59 of 2nd period - Max Reinhart wins face-off versus Brian Boyle in neutral zone.
8:13 of 2nd period - Snap shot by Curtis Lazar.
8:13 of 2nd period - Stopped by Harru Sateri without a rebound.
8:14 of 2nd period - Brian Boyle wins face-off versus Max Reinhart in Ice Dragons zone.
8:50 of 2nd period - Wrist shot by Corban Knight.
8:50 of 2nd period - Shot Blocked by Griffin Reinhart.
9:04 of 2nd period - Aaron Ekblad is hit by Brayden McNabb and loses puck.
9:32 of 2nd period - Slapshot by Logan MacMillan.
9:32 of 2nd period - Stopped by Eric Comrie with a rebound.
9:34 of 2nd period - Slapshot by Brayden McNabb.
9:34 of 2nd period - Stopped by Eric Comrie with a rebound.
9:36 of 2nd period - Slapshot by Zach Trotman.
9:36 of 2nd period - Shot Blocked by Mike Reilly.
10:36 of 2nd period - Wrist shot by Zach Trotman.
10:36 of 2nd period - Shot Misses the Net.
11:01 of 2nd period - Snap shot by Max Friberg.
11:01 of 2nd period - Goal by Max Friberg - Ice Dragons : 1 - Monarchs : 4.
11:01 of 2nd period - Oscar Dansk enters game.
11:02 of 2nd period - Brian Boyle wins face-off versus Nathan MacKinnon in neutral zone.
11:09 of 2nd period - Snap shot by Jordan LaVallee.
11:09 of 2nd period - Shot Misses the Net.
11:27 of 2nd period - Wrist shot by Anthony Mantha.
11:27 of 2nd period - Shot Blocked by Justin Shugg.
11:30 of 2nd period - Icing by Samuel Groulx.
11:31 of 2nd period - Corban Knight wins face-off versus Sam Reinhart in Ice Dragons zone.
11:50 of 2nd period - Anthony Mantha is hit by Billy Sweat and loses puck.
11:55 of 2nd period - Wrist shot by Corban Knight.
11:55 of 2nd period - Deflect By Anthony Mantha.
11:55 of 2nd period - Shot Misses the Net.
11:55 of 2nd period - Puck is out of play.
11:56 of 2nd period - Craig Smith wins face-off versus Brandon Kozun in Monarchs zone.
11:56 of 2nd period - Craig Smith is hit by Jordan LaVallee.
12:18 of 2nd period - Alex Plante is hit by JT Compher and loses puck.
12:24 of 2nd period - Jordan LaVallee is hit by Aaron Ekblad and loses puck.
12:45 of 2nd period - Wrist shot by Craig Smith.
12:45 of 2nd period - Stopped by Oscar Dansk with a rebound.
12:55 of 2nd period - Snap shot by JT Compher.
12:55 of 2nd period - Deflect By Craig Smith.
12:55 of 2nd period - Shot Misses the Net.
12:55 of 2nd period - Puck is out of play.
12:56 of 2nd period - Corban Knight wins face-off versus Sam Reinhart in Ice Dragons zone.
12:58 of 2nd period - Minor Penalty to Justin Shugg for Interference.
12:59 of 2nd period - Brian Boyle wins face-off versus Sam Reinhart in Ice Dragons zone.
12:59 of 2nd period - Brian Boyle is hit by Sam Reinhart.
14:11 of 2nd period - Brayden McNabb is hit by Anthony Mantha and loses puck.
14:32 of 2nd period - Brayden McNabb is hit by Nathan MacKinnon and loses puck.
14:43 of 2nd period - Max Friberg is hit by Jordan LaVallee and loses puck.
14:58 of 2nd period - Penalty to Justin Shugg is over, Justin Shugg is back on ice.
15:04 of 2nd period - Minor Penalty to Corban Knight for Hooking.
15:05 of 2nd period - Nathan MacKinnon wins face-off versus Brian Boyle in Ice Dragons zone.
15:54 of 2nd period - Off-side.
15:55 of 2nd period - Sam Reinhart wins face-off versus Phil Di Giuseppe in neutral zone.
15:58 of 2nd period - Backhand shot by Aaron Ekblad.
15:58 of 2nd period - Goal by Aaron Ekblad - Ice Dragons : 1 - Monarchs : 5.
15:59 of 2nd period - Sam Reinhart wins face-off versus Brian Boyle in neutral zone.
16:08 of 2nd period - Snap shot by Sam Reinhart.
16:08 of 2nd period - Stopped by Oscar Dansk with a rebound.
16:24 of 2nd period - Morgan Rielly is hit by Billy Sweat and loses puck.
16:31 of 2nd period - Slapshot by JT Compher.
16:31 of 2nd period - Shot Misses the Net.
16:33 of 2nd period - Snap shot by JT Compher.
16:33 of 2nd period - Stopped by Oscar Dansk with a rebound.
16:43 of 2nd period - Snap shot by Brayden McNabb.
16:43 of 2nd period - Stopped by Eric Comrie with a rebound.
16:45 of 2nd period - Slapshot by Zach Trotman.
16:45 of 2nd period - Stopped by Eric Comrie with a rebound.
16:47 of 2nd period - Snap shot by Emil Pettersson.
16:47 of 2nd period - Stopped by Eric Comrie without a rebound.
16:48 of 2nd period - Emil Pettersson wins face-off versus Sam Reinhart in Monarchs zone.
16:53 of 2nd period - Snap shot by Phil Di Giuseppe.
16:53 of 2nd period - Shot Blocked by Sam Reinhart.
16:55 of 2nd period - Snap shot by Chris Wagner.
16:55 of 2nd period - Stopped by Eric Comrie with a rebound.
16:57 of 2nd period - Slapshot by Samuel Groulx.
16:57 of 2nd period - Shot Misses the Net.
17:52 of 2nd period - Wrist shot by Tim Schaller.
17:52 of 2nd period - Stopped by Oscar Dansk without a rebound.
17:53 of 2nd period - Nathan MacKinnon wins face-off versus Brian Boyle in Ice Dragons zone.
18:02 of 2nd period - Wrist shot by Nathan MacKinnon.
18:02 of 2nd period - Shot Misses the Net.
18:27 of 2nd period - Wrist shot by Max Reinhart.
18:27 of 2nd period - Deflect By Zach Trotman.
18:27 of 2nd period - Goal by Max Reinhart - Ice Dragons : 1 - Monarchs : 6.
18:28 of 2nd period - Nathan MacKinnon wins face-off versus Brian Boyle in neutral zone.
18:56 of 2nd period - Slapshot by Corban Knight.
18:56 of 2nd period - Stopped by Eric Comrie without a rebound.
18:57 of 2nd period - Corban Knight wins face-off versus Max Reinhart in Monarchs zone.
18:58 of 2nd period - Wrist shot by Billy Sweat.
18:58 of 2nd period - Shot Blocked by Mark Pysyk.
19:20 of 2nd period - Backhand shot by Max Friberg.
19:20 of 2nd period - Deflect By Billy Sweat.
19:20 of 2nd period - Stopped by Oscar Dansk with a rebound.
19:30 of 2nd period - Snap shot by Max Friberg.
19:30 of 2nd period - Stopped by Oscar Dansk without a rebound.
19:31 of 2nd period - Brian Boyle wins face-off versus Nathan MacKinnon in Ice Dragons zone.
19:56 of 2nd period - Slapshot by Mark Pysyk.
19:56 of 2nd period - Deflect By Jacob De La Rose.
19:56 of 2nd period - Stopped by Oscar Dansk with a rebound.
19:58 of 2nd period - Snap shot by Jacob De La Rose.
19:58 of 2nd period - Shot Misses the Net.
Goals for this period are 0 for Ice Dragons vs 5 for Monarchs .
Shots for this period are 10 for Ice Dragons vs 15 for Monarchs .
3rd period
0:01 of 3rd period - Brian Boyle wins face-off versus Nathan MacKinnon in neutral zone.
0:04 of 3rd period - Snap shot by Jordan LaVallee.
0:04 of 3rd period - Goal by Jordan LaVallee - Ice Dragons : 2 - Monarchs : 6.
0:05 of 3rd period - Nathan MacKinnon wins face-off versus Jordan LaVallee in neutral zone.
1:29 of 3rd period - Icing by Emil Pettersson.
1:30 of 3rd period - Nathan MacKinnon wins face-off versus Emil Pettersson in Ice Dragons zone.
1:41 of 3rd period - Slapshot by Craig Smith.
1:41 of 3rd period - Shot Blocked by Chris Wagner.
1:51 of 3rd period - Slapshot by Phil Di Giuseppe.
1:51 of 3rd period - Goal by Phil Di Giuseppe - Ice Dragons : 3 - Monarchs : 6.
1:52 of 3rd period - Sam Reinhart wins face-off versus Brian Boyle in neutral zone.
2:03 of 3rd period - Snap shot by Sam Reinhart.
2:03 of 3rd period - Shot Blocked by Brayden McNabb.
2:59 of 3rd period - Brendan Lemieux is hit by Justin Shugg and loses puck.
3:32 of 3rd period - Slapshot by Corban Knight.
3:32 of 3rd period - Shot Misses the Net.
3:34 of 3rd period - Snap shot by Samuel Groulx.
3:34 of 3rd period - Shot Blocked by Jeff Petry.
3:36 of 3rd period - Snap shot by Billy Sweat.
3:36 of 3rd period - Stopped by Eric Comrie without a rebound.
3:37 of 3rd period - Brian Boyle wins face-off versus Sam Reinhart in Monarchs zone.
3:50 of 3rd period - Wrist shot by Jordan LaVallee.
3:50 of 3rd period - Shot Misses the Net.
3:52 of 3rd period - Slapshot by Brayden McNabb.
3:52 of 3rd period - Stopped by Eric Comrie without a rebound.
3:53 of 3rd period - Sam Carrick wins face-off versus Nathan MacKinnon in Monarchs zone.
4:04 of 3rd period - Snap shot by Craig Smith.
4:04 of 3rd period - Stopped by Oscar Dansk with a rebound.
4:28 of 3rd period - Wrist shot by Sam Carrick.
4:28 of 3rd period - Deflect By Logan MacMillan.
4:28 of 3rd period - Stopped by Eric Comrie without a rebound.
4:29 of 3rd period - Sam Reinhart wins face-off versus Brian Boyle in Monarchs zone.
4:54 of 3rd period - Phil Di Giuseppe is hit by Craig Smith and loses puck.
5:45 of 3rd period - Wrist shot by Aaron Ekblad.
5:45 of 3rd period - Stopped by Oscar Dansk without a rebound.
5:46 of 3rd period - Nathan MacKinnon wins face-off versus Brian Boyle in Ice Dragons zone.
5:58 of 3rd period - Off-side.
5:59 of 3rd period - Sam Reinhart wins face-off versus Brian Boyle in neutral zone.
6:09 of 3rd period - Slapshot by Tim Schaller.
6:09 of 3rd period - Stopped by Oscar Dansk with a rebound.
6:11 of 3rd period - Snap shot by Anthony Mantha.
6:11 of 3rd period - Stopped by Oscar Dansk with a rebound.
6:13 of 3rd period - Slapshot by Mark Pysyk.
6:13 of 3rd period - Stopped by Oscar Dansk with a rebound.
6:37 of 3rd period - Slapshot by Billy Sweat.
6:37 of 3rd period - Shot Misses the Net.
7:11 of 3rd period - Wrist shot by Phil Di Giuseppe.
7:11 of 3rd period - Shot Misses the Net.
7:13 of 3rd period - Wrist shot by Adam Clendening.
7:13 of 3rd period - Deflect By Mark Pysyk.
7:13 of 3rd period - Stopped by Eric Comrie with a rebound.
7:15 of 3rd period - Slapshot by Adam Clendening.
7:15 of 3rd period - Stopped by Eric Comrie with a rebound.
7:17 of 3rd period - Snap shot by Alex Plante.
7:17 of 3rd period - Shot Misses the Net.
7:19 of 3rd period - Wrist shot by Phil Di Giuseppe.
7:19 of 3rd period - Shot Misses the Net.
7:39 of 3rd period - Wrist shot by Tim Schaller.
7:39 of 3rd period - Stopped by Oscar Dansk with a rebound.
7:53 of 3rd period - Snap shot by Max Reinhart.
7:53 of 3rd period - Stopped by Oscar Dansk without a rebound.
7:54 of 3rd period - Max Friberg wins face-off versus Corban Knight in Ice Dragons zone.
8:10 of 3rd period - Icing by Samuel Groulx.
8:11 of 3rd period - Billy Sweat wins face-off versus JT Compher in Ice Dragons zone.
8:40 of 3rd period - Sam Reinhart is hit by Corban Knight and loses puck.
9:01 of 3rd period - Wrist shot by Jordan LaVallee.
9:01 of 3rd period - Shot Misses the Net.
9:34 of 3rd period - Icing by Griffin Reinhart.
9:35 of 3rd period - Sam Carrick wins face-off versus Max Reinhart in Monarchs zone.
9:38 of 3rd period - Snap shot by Jordan LaVallee.
9:38 of 3rd period - Shot Misses the Net.
9:44 of 3rd period - Snap shot by Jordan LaVallee.
9:44 of 3rd period - Stopped by Eric Comrie with a rebound.
9:46 of 3rd period - Snap shot by Alex Plante.
9:46 of 3rd period - Stopped by Eric Comrie with a rebound.
9:56 of 3rd period - Minor Penalty to Brendan Lemieux for Tripping.
9:57 of 3rd period - Max Reinhart wins face-off versus Brian Boyle in Monarchs zone.
10:14 of 3rd period - Snap shot by Tim Schaller.
10:14 of 3rd period - Shot Misses the Net.
10:30 of 3rd period - Wrist shot by Jordan LaVallee.
10:30 of 3rd period - Shot Misses the Net.
10:32 of 3rd period - Snap shot by Brian Boyle.
10:32 of 3rd period - Stopped by Eric Comrie with a rebound.
10:34 of 3rd period - Slapshot by Brayden McNabb.
10:34 of 3rd period - Stopped by Eric Comrie with a rebound.
11:56 of 3rd period - Penalty to Brendan Lemieux is over, Brendan Lemieux is back on ice.
12:15 of 3rd period - Snap shot by Max Reinhart.
12:15 of 3rd period - Shot Blocked by Adam Clendening.
12:31 of 3rd period - Snap shot by Jeff Petry.
12:31 of 3rd period - Deflect By Oliver Bjorkstrand.
12:31 of 3rd period - Stopped by Oscar Dansk with a rebound.
12:43 of 3rd period - Minor Penalty to Aaron Ekblad for Interference.
12:44 of 3rd period - Corban Knight wins face-off versus Jacob De La Rose in Monarchs zone.
12:55 of 3rd period - Snap shot by Billy Sweat.
12:55 of 3rd period - Deflect By Mark Pysyk.
12:55 of 3rd period - Shot Misses the Net.
12:55 of 3rd period - Puck is out of play.
12:56 of 3rd period - Max Reinhart wins face-off versus Brian Boyle in Monarchs zone.
13:46 of 3rd period - Samuel Groulx is hit by Jeff Petry and loses puck.
14:09 of 3rd period - Backhand shot by Tim Schaller.
14:09 of 3rd period - Shot Misses the Net.
14:43 of 3rd period - Penalty to Aaron Ekblad is over, Aaron Ekblad is back on ice.
14:49 of 3rd period - Slapshot by Phil Di Giuseppe.
14:49 of 3rd period - Goal by Phil Di Giuseppe - Ice Dragons : 4 - Monarchs : 6.
14:50 of 3rd period - Sam Carrick wins face-off versus Sam Reinhart in neutral zone.
15:15 of 3rd period - Zach Trotman is hit by Brendan Lemieux and loses puck.
15:38 of 3rd period - Aaron Ekblad is hit by Corban Knight.
16:05 of 3rd period - Off-side.
16:06 of 3rd period - Sam Reinhart wins face-off versus Sam Carrick in neutral zone.
16:13 of 3rd period - Slapshot by Griffin Reinhart.
16:13 of 3rd period - Shot Misses the Net.
16:15 of 3rd period - Slapshot by Tim Schaller.
16:15 of 3rd period - Goal by Tim Schaller - Ice Dragons : 4 - Monarchs : 7.
16:16 of 3rd period - Brian Boyle wins face-off versus Nathan MacKinnon in neutral zone.
16:24 of 3rd period - Minor Penalty to Craig Smith for Hooking.
16:25 of 3rd period - Max Reinhart wins face-off versus Brian Boyle in Monarchs zone.
17:00 of 3rd period - Snap shot by Corban Knight.
17:00 of 3rd period - Shot Misses the Net.
18:24 of 3rd period - Penalty to Craig Smith is over, Craig Smith is back on ice.
19:02 of 3rd period - Snap shot by William Carrier.
19:02 of 3rd period - Shot Misses the Net.
19:04 of 3rd period - Wrist shot by William Carrier.
19:04 of 3rd period - Stopped by Eric Comrie with a rebound.
19:06 of 3rd period - Slapshot by William Carrier.
19:06 of 3rd period - Shot Blocked by Anthony Mantha.
Goals for this period are 3 for Ice Dragons vs 1 for Monarchs .
Shots for this period are 13 for Ice Dragons vs 9 for Monarchs .
Back to the Top